Map: Lockdown LE

Players

ratgameplay (uThermal)

  • Race: Terran Terran
  • League: Grandmaster
  • Spawn Location: 1:00

Geralt (Gerald) - Winner!

  • Race: Protoss Protoss
  • League: Grandmaster
  • Spawn Location: 7:00

Event: HomeStory Cup XXIX

VOD

Have the link to the VOD?

Description

Time

  • Played on: July 4, 2026, 6:57 a.m.
  • Length: 11:51

All games in this series

Show
View Real Time Build Order
Export as new Build Order

ratgameplay Terran 

Build Orders: Reaper Expand 

Get SALT Encoding   

  8  0:00  SCV  
  9  0:12  SCV  
  10  0:24  SCV  
  11  0:36  SCV  
  11  0:40  Supply Depot  
  12  0:48  SCV  
  13  0:50  Refinery  
  13  1:01  SCV  
  14  1:05  Barracks  
  14  1:14  SCV  
  15  1:26  SCV  
  16  1:38  SCV  
  17  1:52  Reaper, Orbital Command  
  18  2:12  Command Center  
  18  2:19  SCV  
  19  2:27  Barracks Reactor  
  19  2:31  SCV  
  19  2:32  Supply Depot  
  20  2:43  SCV  
  21  2:45  Factory  
  21  2:52  Refinery  
  21  2:55  SCV  
  22  3:03  Marine x2  
  24  3:07  SCV  
  25  3:19  SCV  
  26  3:21  Marine x2  
  26  3:26  Orbital Command  
  28  3:30  Starport  
  28  3:32  SCV  
  29  3:37  Widow Mine  
  29  3:40  Marine  
  29  3:41  Marine  
  32  3:43  Orbital Command  
  32  3:44  SCV  
  34  3:54  Supply Depot  
  34  3:58  Hellion  
  34  4:02  SCV  
  37  4:08  Medivac  
  37  4:09  Marine x2  
  41  4:12  SCV  
  41  4:15  SCV  
  42  4:20  Widow Mine  
  44  4:26  Bunker  
  44  4:27  Marine x2, SCV  
  44  4:28  SCV  
  44  4:30  Supply Depot  
  48  4:36  Barracks  
  48  4:44  Factory Tech Lab, Starport Tech Lab  
  48  4:45  SCV  
  48  4:47  SCV  
  48  4:52  Marine x2  
  51  4:58  SCV  
  53  5:01  Supply Depot  
  53  5:03  Raven  
  53  5:05  Siege Tank  
  58  5:09  Supply Depot  
  58  5:22  Marine x2  
  58  5:23  SCV x2  
  60  5:35  SCV x2  
  58  5:37  Siege Tank  
  58  5:39  Barracks  
  58  5:40  Marine  
  58  5:41  Marine  
  61  5:47  SCV x2  
  61  5:48  Stimpack, Marine  
  61  5:49  Engineering Bay  
  64  5:53  Refinery  
  64  5:58  Marine  
  64  5:59  SCV x2  
  64  6:00  Supply Depot  
  64  6:02  Marine  
  68  6:06  Supply Depot  
  68  6:10  Starport Reactor  
  68  6:11  SCV x2  
  68  6:13  Refinery  
  68  6:18  Supply Depot, Terran Infantry Weapons Level 1  
  70  6:19  Factory Reactor, Marauder  
  70  6:20  Marine  
  70  6:21  Marine  
  70  6:23  SCV x2  
  76  6:26  Supply Depot  
  76  6:33  Combat Shield  
  76  6:34  Marauder  
  76  6:35  SCV  
  79  6:44  SCV  
  79  6:45  Marine x2, Marauder  
  84  6:47  Medivac  
  84  6:50  Supply Depot  
  84  6:51  SCV  
  84  6:52  Medivac  
  89  6:57  Marauder  
  89  6:58  Widow Mine  
  89  6:59  Widow Mine  
  95  7:02  SCV  
  95  7:03  Marine, SCV  
  98  7:14  Marine  
  98  7:15  Marauder  
  101  7:16  Command Center  
  101  7:19  Widow Mine  
  105  7:24  Supply Depot  
  105  7:27  Medivac x2  
  109  7:31  Marine  
  109  7:35  Widow Mine  
  109  7:36  Marauder  
  112  7:42  Marine  
  113  7:44  Barracks  
  113  7:45  Barracks  
  113  7:46  Marauder  
  113  7:49  Marine  
  116  7:51  Widow Mine  
  116  7:52  Supply Depot  
  116  7:56  Widow Mine  
  116  7:57  Missile Turret  
  116  7:58  Marauder  
  116  8:00  Marine  
  117  8:06  Medivac  
  117  8:07  Marine  
  117  8:09  Marine  
  114  8:13  Widow Mine  
  114  8:16  Medivac  
  114  8:19  Marauder  
  105  8:25  Marauder, Widow Mine  
  106  8:29  Marine  
  106  8:31  SCV  
  103  8:34  Widow Mine, SCV  
  103  8:36  Medivac  
  103  8:40  Marauder  
  98  8:42  Barracks Reactor  
  98  8:43  Barracks Tech Lab  
  98  8:44  SCV  
  98  8:45  Medivac  
  98  8:46  SCV  
  98  8:47  Widow Mine  
  104  8:51  Terran Infantry Armor Level 1  
  104  8:52  Marine, Marauder  
  109  8:56  Widow Mine, SCV  
  109  8:58  SCV  
  109  8:59  Marine  
  109  9:02  Marauder  
  114  9:03  Orbital Command  
  114  9:05  Marine  
  114  9:08  SCV  
  114  9:09  Widow Mine  
  118  9:13  Marine  
  118  9:14  Marauder  
  121  9:17  SCV  
  121  9:20  SCV  
  121  9:21  Viking  
  121  9:22  Marine  
  126  9:25  Marine  
  126  9:29  Supply Depot, SCV  
  126  9:30  Viking  
  130  9:32  SCV  
  130  9:38  Marine  
  129  9:39  Marauder  
  132  9:47  Marine, Marauder  
  132  9:51  Viking  
  139  9:52  Supply Depot  
  139  9:53  Supply Depot  
  139  9:54  Widow Mine  
  139  9:56  Marine x2  
  139  9:59  Supply Depot  
  139  10:00  Viking, Marauder  
  139  10:04  Marauder, Ghost Academy  
  143  10:09  Marauder  
  144  10:19  Marine  
  137  10:21  Marauder  
  137  10:25  Marauder  
  126  10:30  Viking  
  126  10:31  Marine x2, Marauder  
  112  10:41  Missile Turret  
  114  10:43  Marauder, SCV x2, Missile Turret  
  114  10:45  Missile Turret  
  114  10:46  Marine, Ghost  
  114  10:48  Viking  
  116  10:59  Barracks x2  
  116  11:00  Barracks  
  116  11:02  SCV  
  116  11:04  Orbital Command  
  107  11:16  Marine  
  107  11:17  Marauder, Ghost  
  104  11:20  Medivac  
  104  11:24  Marine, Marauder  
  100  11:26  SCV  
  100  11:27  Marine  
  100  11:30  SCV  
  101  11:39  SCV  
Show
View Real Time Build Order
Export as new Build Order

Geralt Protoss - Winner!

Build Orders: Blink Stalkers 

Get SALT Encoding   

  8  0:00  Probe  
  9  0:12  Probe  
  10  0:24  Probe (Chrono Boost)  
  11  0:35  Pylon  
  12  0:36  Probe (Chrono Boost)  
  12  0:40  Probe (Chrono Boost)  
  13  0:53  Probe (Chrono Boost)  
  13  0:55  Gateway  
  14  1:05  Probe (Chrono Boost)  
  14  1:06  Assimilator  
  15  1:13  Probe (Chrono Boost)  
  16  1:19  Probe  
  17  1:31  Probe  
  18  1:42  Cybernetics Core  
  18  1:43  Probe  
  19  1:56  Probe  
  19  2:01  Nexus  
  20  2:07  Pylon  
  20  2:10  Probe  
  21  2:16  Assimilator  
  21  2:24  Stalker (Chrono Boost)  
  21  2:27  Probe  
  24  2:30  Warp Gate  
  23  2:40  Probe  
  24  2:45  Stalker  
  26  2:52  Probe  
  27  3:04  Probe  
  28  3:06  Twilight Council  
  28  3:12  Adept, Probe  
  29  3:16  Probe  
  32  3:22  Shield Battery  
  32  3:24  Probe  
  33  3:28  Probe  
  34  3:36  Probe  
  34  3:37  Blink (Chrono Boost)  
  34  3:42  Probe  
  34  3:46  Gateway  
  35  3:51  Probe  
  35  3:55  Probe  
  37  3:59  Gateway  
  37  4:03  Probe  
  40  4:10  Probe  
  40  4:14  Sentry  
  42  4:19  Robotics Facility  
  42  4:20  Shield Battery  
  42  4:22  Pylon  
  41  4:27  Probe  
  42  4:40  Probe x2  
  42  4:43  Pylon  
  42  4:45  Stalker x2  
  47  4:52  Probe  
  47  4:53  Probe  
  49  5:05  Probe x2  
  51  5:14  Nexus  
  51  5:15  Observer  
  51  5:17  Probe x2  
  52  5:29  Probe x2  
  53  5:37  Charge (Chrono Boost)  
  53  5:38  Stalker x2  
  53  5:41  Probe  
  53  5:42  Pylon  
  58  5:43  Pylon  
  58  5:54  Gateway  
  57  5:57  Probe  
  57  5:59  Probe  
  57  6:03  Gateway  
  58  6:04  Gateway  
  58  6:06  Shield Battery  
  58  6:10  Robotics Bay  
  58  6:15  Probe  
  58  6:16  Probe  
  60  6:21  Forge  
  60  6:26  Probe (Chrono Boost)  
  60  6:27  Probe (Chrono Boost)  
  60  6:28  Probe (Chrono Boost)  
  63  6:38  Probe (Chrono Boost), Gateway  
  63  6:39  Probe (Chrono Boost), Gateway  
  66  6:40  Probe (Chrono Boost)  
  66  6:43  Probe (Chrono Boost)  
  66  6:44  Probe x2 (Chrono Boost)  
  69  6:52  Pylon, Probe  
  69  6:53  Protoss Ground Armor Level 1, Probe  
  71  6:54  Observer  
  71  6:57  Disruptor  
  71  6:58  Pylon  
  75  7:02  Zealot x2  
  75  7:04  Pylon  
  79  7:10  Assimilator  
  79  7:15  Zealot x2  
  79  7:21  Zealot  
  85  7:26  Pylon  
  85  7:27  Zealot x2  
  89  7:34  Gateway  
  89  7:35  Pylon  
  89  7:38  Nexus  
  89  7:48  Zealot x3  
  95  7:56  Pylon  
  95  8:00  Zealot x2  
  99  8:06  Probe  
  99  8:11  Zealot x4, Colossus (Chrono Boost)  
  86  8:32  Zealot x2  
  86  8:34  Stalker x4  
  84  8:43  Probe x2  
  86  8:51  Gateway, Nexus  
  86  8:53  Gateway, Probe, Pylon  
  86  8:55  Probe  
  88  8:56  Gateway  
  88  8:58  Stalker, Zealot x4  
  88  8:59  Zealot x2  
  102  9:05  Probe  
  102  9:09  Colossus (Chrono Boost)  
  103  9:15  Probe  
  110  9:17  Pylon  
  110  9:25  Zealot x7  
  110  9:27  Probe  
  119  9:48  Zealot  
  119  9:49  Stalker x4, Zealot x2  
  119  9:50  Probe  
  134  9:52  Probe  
  134  9:53  Probe  
  135  10:03  Probe  
  135  10:05  Probe x2  
  138  10:12  Zealot x5  
  148  10:17  Zealot x2  
  140  10:27  Colossus  
  140  10:34  Stalker x3  
  140  10:39  Probe  
  140  10:40  Probe  
  138  10:43  Zealot  
  138  10:48  Pylon  
  140  10:50  Pylon  
  140  11:02  Probe x2  
  127  11:12  Zealot x10  
  127  11:13  Zealot  
  123  11:28  Probe x2  
  123  11:31  Pylon  
Tags
 
Add a new tag
Caveats
  • Supply blocks, unpowered buildings, or Contaminate may cause inaccurate times.
  • Supply counts are checked every 10 seconds.